 Dungeon Sprint DCSS version 0.31-a0-876-gfe8ebadbca (webtiles) character file.

Game seed: 16067150206618517489

4281 fingers the Peltast (level 10, -15/90 HPs)
             Began as a Formicid Fighter on Oct 13, 2023.
             Was a Follower of Jiyva.
             Killed from afar by a white draconian (21 damage)
             ... with a blast of cold
             ... in the Dungeon (Sprint V: "Ziggurat Sprint").
             The game lasted 00:03:58 (345 turns).

fingers the Peltast (Formicid Fighter)               Turns: 345, Time: 00:03:59

Health: -15/90     AC: 31    Str: 23    XL:     10   Next: 57%
Magic:  10/10      EV:  3    Int:  8    God:    Jiyva [*.....]
Gold:   0          SH: 35    Dex: 27    Spells: 9/9 levels left

rFire   . . .        A - +11 Screaming Sword {sonic wave}
rCold   . . .        z - +18 shield of the Gong {Loud rN+ Will+ rCorr EV-5}
rNeg    + . .        y - +15 Maxwell's patent armour {-Cast -Tele rElec Will+ rCorr}
rPois   .            (helmet unavailable)
rElec   +            (no cloak)
rCorr   +            (no gloves)
SInv    +            (no boots)
Will    +++..        (no amulet) Stlth
                     s - +6 ring of dexterity
HPRegen 1.15/turn    t - +6 ring of dexterity
MPRegen 0.37/turn

%: no spellcasting
@: no status effects
A: permanent stasis, dig shafts and tunnels, antennae 3, four strong arms
a: Dig, Renounce Religion


You were in the Dungeon.
You worshipped Jiyva.
Jiyva was aware of your devotion.
You visited 1 branch

Inventory:

Hand Weapons
 a - a +0 long sword
 A - the +11 Screaming Sword (weapon) {sonic wave}
   (You found it in the Dungeon)
 C - the +10 zealot's sword {holy, Zealotry, *Rage rN+ EV+3}
   (You acquired it in the Dungeon)

   Zealotry:  Whenever the wielder enters a berserk rage, their allies are
   berserked alongside them.
   EV+3:      It affects your evasion (+3).
   rN+:       It protects you from negative energy.
   *Rage:     It berserks you when you make melee attacks (+20% chance).
Armour
 b - a +0 scale mail
 c - a +0 buckler
 y - the +15 Maxwell's patent armour (worn) {-Cast -Tele rElec Will+ rCorr}
   (You found it in the Dungeon)

   rElec:     It insulates you from electricity.
   Will+:     It increases your willpower.
   -Cast:     It prevents spellcasting.
   -Tele:     It prevents most forms of teleportation.
   rCorr:     It protects you from acid and corrosion.
 z - the +18 shield of the Gong (worn) {Loud rN+ Will+ rCorr EV-5}
   (You found it in the Dungeon)

   Loud:      It is deafeningly noisy when blocking attacks.
   EV-5:      It affects your evasion (-5).
   rN+:       It protects you from negative energy.
   Will+:     It increases your willpower.
   rCorr:     It protects you from acid and corrosion.
Jewellery
 r - a ring of flight
 s - a +6 ring of dexterity (left hand)
 t - a +6 ring of dexterity (right hand)
 u - a +6 ring of intelligence
 v - a +6 ring of intelligence
 w - a +6 ring of strength
 x - a +6 ring of strength
 B - an amulet of magic regeneration
 D - the amulet of the Air {Inacc Air Fly rElec RMsl}
   (You found it in the Dungeon)

   [amulet of nothing]

   Inacc:     It reduces the accuracy of your attacks and spells.
   Air:       It enhances your air magic.
   rElec:     It insulates you from electricity.
   Fly:       It grants you flight.
   RMsl:      It protects you from missiles.
 F - the amulet "Ewnusma" {Faith Rampage Str+7 Int-4 Dex+4}
   (You found it in the Dungeon)

   [amulet of faith]

   Faith:     It allows you to gain divine favour quickly.
   Str+7:     It affects your strength (+7).
   Int-4:     It affects your intelligence (-4).
   Dex+4:     It affects your dexterity (+4).
   Rampage:   It bestows one free step when moving towards enemies.
Wands
 p - a wand of mindburst (7)
 q - a wand of quicksilver (3) (quivered)
 H - a wand of flame (9)
Scrolls
 l - 4 scrolls of amnesia
 m - 7 scrolls of fog
 n - 5 scrolls of identify
 o - 2 scrolls of fear
 G - a scroll of brand weapon
Potions
 d - 5 potions of might
 e - 9 potions of curing
 g - 7 potions of magic
 h - 2 potions of brilliance
 i - 2 potions of invisibility
 j - 3 potions of resistance
 k - a potion of experience
Miscellaneous
 E - a condenser vane


   Skills:
 + Level 12.3 Fighting
 + Level 9.8 Long Blades
 + Level 14.0 Armour
 + Level 1.5 Dodging
 + Level 18.2 Shields
 + Level 3.0 Evocations


You had 9 spell levels left.
You didn't know any spells.
Your spell library contained the following spells:

 Spells                   Type           Power      Damage    Failure   Level
 Apportation              Tloc           0%         N/A       99%         1
 Necrotise                Necr           0%         1d4       99%         1
 Summon Small Mammal      Summ           0%         N/A       99%         1
 Animate Dead             Necr           0%         N/A       100%        4
 Haunt                    Necr/Summ      0%         N/A       100%        7
 Infestation              Necr           0%         N/A       100%        8
 Chain Lightning          Conj/Air       0%         N/A       100%        9
 Fire Storm               Conj/Fire      0%         5d1       100%        9
 Shatter                  Erth           0%         3d5*      100%        9


Dungeon Overview and Level Annotations

Branches:
Dungeon (1/1)

Altars:
Ashenzari
Cheibriados
Dithmenos
Elyvilon
Fedhas
Gozag
Hepliaklqana
Kikubaaqudgha
Makhleb
Nemelex Xobeh
Okawaru
Qazlal
Ru
Sif Muna
Trog
Uskayaw
Vehumet
Wu Jian
Xom
Yredelemnul
Zin
The Shining One
Jiyva
Lugonu

Annotations:
D 1 transporter


Innate Abilities, Weirdness & Mutations

You cannot be hasted, slowed, berserked, paralysed or teleported.
You can dig through walls and to a lower floor.
You have a pair of large antennae on your head. (SInv)
Your four strong arms can wield two-handed weapons with a shield.


Message History

You block the red draconian's attack.
PTOANNNG!
You block the red draconian's attack.
GONNNNG!
You slice the draconian!!
The draconian is severely wounded.
You block the draconian's attack.
GONNNNG!
You block the red draconian's attack.
BONNNG!
The white draconian hits you but does no damage.
The red draconian breathes fire at you. The searing blast hits you!!
You barely miss the draconian.
The draconian is severely wounded.
You block the draconian's attack.
BONNNG!
You block the red draconian's attack.
GONNNNG!
You block the white draconian's attack.
GONNNNG!
The red draconian hits you but does no damage.
You hit the draconian.
The draconian is almost dead.
You block the draconian's attack.
GONNNNG!
The red draconian hits you but does no damage.
You block the white draconian's attack.
BONNNG!
The red draconian breathes fire at you. The searing blast hits you!!
* * * LOW HITPOINT WARNING * * *
You feel better. You block the draconian's attack.
GONNNNG!
The red draconian breathes fire at you. The searing blast hits you!!
* * * LOW HITPOINT WARNING * * *
The white draconian breathes frost at you.
The blast of cold hits you!!
You die...

▓▓▓▓▓▓▓▓▓
▓..8©8..▓
{
▓..=§:.)▓
▓..%|§..▓
▓.......▓
▓°....§.▓
▓.......▓
▓..ddd..▓
▓.▓d@)▓.▓
▓..§©☼..▓
▓▓▓▓▓▓▓▓▓


{{{{{ {{{{ You could see 2 draconians, a white draconian (catching breath) and a
draconian.

Vanquished Creatures
  A purple draconian (D)
  A dancing weapon (D)
  4 draconians (D)
  3 jumping spiders (D)
  An air elemental (D)
  2 fire elementals (D)
  2 nagas (D)
  2 water moccasins (D)
  A hell hound (D)
  2 scorpions (D)
  4 adders (D)
  2 ball pythons (D)
25 creatures vanquished.

Vanquished Creatures (others)
  the Royal Jelly (D)
  Dissolution (D)
  Frederick (D)
  6 acid blobs (D)
  Chuck (D)
  5 rockslimes (D)
  4 azure jellies (D)
  6 quicksilver oozes (D)
  A formless jellyfish (D)
  Snorg (D)
  Josephine (D)
  A vault guard (D)
  Urug (D)
  Nergalle (D)
  3 jellies (D)
  A fire vortex (D)
35 creatures vanquished.

Grand Total: 60 creatures vanquished

Notes
Turn   | Place    | Note
-------+----------+-------------------------------------------
     0 | D        | fingers the Formicid Fighter began the quest for the Orb.
     0 | D        | Reached XP level 1. HP: 18/18 MP: 1/1
     0 | D        | Found a shimmering blue altar of Sif Muna.
     0 | D        | Found a bloodstained altar of Trog.
     0 | D        | Found a sacrificial altar of Ru.
     0 | D        | Found a stormy altar of Qazlal.
     0 | D        | Found an iron altar of Okawaru.
     3 | D        | Found a sparkling altar of Nemelex Xobeh.
     3 | D        | Found the +6 Majin-Bo {spellvamp, MP+6 Int+6}
     3 | D        | Found the +27 heavy crossbow "Sniper" {heavy, Acc+∞ SInv}
     3 | D        | Found the +10 dark maul {heavy}
     3 | D        | Found the +15 Maxwell's patent armour {-Cast -Tele rElec
                  | Will+ rCorr}
     3 | D        | Found the +18 shield of the Gong {Loud rN+ Will+ rCorr
                  | EV-5}
     3 | D        | Found the +16 obsidian axe {drain, demonic, Mesm Drain Fly
                  | SInv}
     3 | D        | Found the +7 great mace "Firestarter" {flame, immolate,
                  | rFlCloud rF++}
     3 | D        | Found the +6 shillelagh "Devastator" {shatter}
     3 | D        | Found the +11 plutonium sword {Contam Stlth-}
     3 | D        | Found the +8 lance "Wyrmbane" {slay drac, rPois rF+ rC+
                  | AC+3}
     3 | D        | Found the +9 sword of Zonguldrok {reap}
     3 | D        | Found the +13 scythe of Curses {drain, curses, Drain}
     3 | D        | Found the +9 sword of Power {lifebolt}
     3 | D        | Found the +7 mace of Variability {chaos, chaos arc}
     3 | D        | Found the +11 Singing Sword {sonic wave}
     3 | D        | Found the +8 storm bow {elec, penet}
     5 | D        | Found a blossoming altar of Fedhas.
     7 | D        | Found a transporter.
     7 | D        | Found an ancient bone altar of Kikubaaqudgha.
     7 | D        | Found a viscous altar of Jiyva.
     7 | D        | Found a corrupted altar of Lugonu.
     7 | D        | Found a hazy altar of Hepliaklqana.
     7 | D        | Found a burning altar of Makhleb.
     7 | D        | Found an opulent altar of Gozag.
    57 | D        | Became a worshipper of Jiyva Jaluex the Shapeless
    59 | D        | Killed a formless jellyfish
    63 | D        | Killed Frederick
    63 | D        | Killed an acid blob
    64 | D        | Killed an acid blob
    64 | D        | Killed an azure jelly
    64 | D        | Killed an acid blob
    64 | D        | Killed Urug
    64 | D        | Killed a quicksilver ooze
    65 | D        | Killed Dissolution
    66 | D        | Killed the Royal Jelly
    66 | D        | Killed an acid blob
    67 | D        | Killed a rockslime
    67 | D        | Killed a quicksilver ooze
    67 | D        | Killed a quicksilver ooze
    67 | D        | Killed Snorg
    67 | D        | Killed Josephine
    68 | D        | Killed Chuck
    68 | D        | Killed an azure jelly
    68 | D        | Killed an azure jelly
    68 | D        | Killed a rockslime
    69 | D        | Killed a quicksilver ooze
    69 | D        | Killed a rockslime
    70 | D        | Killed a rockslime
    70 | D        | Killed an acid blob
    71 | D        | Killed an azure jelly
    71 | D        | Killed a quicksilver ooze
    71 | D        | Killed a rockslime
    74 | D        | Killed an acid blob
    75 | D        | Killed a vault guard
    76 | D        | Killed Nergalle
    76 | D        | Killed a quicksilver ooze
   100 | D        | Entered arena 2.
   100 | D        | Noticed a +2 heavy flail
   100 | D        | Noticed an air elemental
   100 | D        | Found a transporter.
   107 | D        | Killed an air elemental
   108 | D        | Reached skill level 8 in Shields
   108 | D        | Reached XP level 2. HP: 25/29 MP: 2/2
   108 | D        | Reached XP level 3. HP: 30/35 MP: 3/3
   108 | D        | Reached XP level 4. HP: 35/41 MP: 4/4
   108 | D        | Reached XP level 5. HP: 41/47 MP: 5/5
   110 | D        | Killed a +2 heavy flail
   111 | D        | Reached skill level 5 in Long Blades
   111 | D        | Reached skill level 12 in Shields
   111 | D        | Reached XP level 6. HP: 53/60 MP: 6/6
   111 | D        | Reached XP level 7. HP: 58/65 MP: 7/7
   111 | D        | Reached XP level 8. HP: 64/72 MP: 8/8
   120 | D        | Entered arena 3.
   120 | D        | Noticed a draconian
   120 | D        | Noticed a draconian
   120 | D        | Noticed a draconian
   120 | D        | Found a transporter.
   124 | D        | Killed a draconian
   125 | D        | Reached skill level 10 in Fighting
   125 | D        | Reached skill level 13 in Shields
   125 | D        | Reached skill level 1 in Evocations
   125 | D        | Killed a draconian
   126 | D        | Reached skill level 1 in Dodging
   126 | D        | Reached skill level 14 in Shields
   126 | D        | Reached XP level 9. HP: 76/79 MP: 9/9
   128 | D        | Killed a draconian
   153 | D        | Acquired the +10 zealot's sword {holy, Zealotry, *Rage rN+
                  | EV+3}
   153 | D        | Found the +10 zealot's sword {holy, Zealotry, *Rage rN+
                  | EV+3}
   160 | D        | Entered arena 4.
   160 | D        | Found the amulet of the Air {Inacc Air Fly rElec RMsl}
   160 | D        | Found a transporter.
   172 | D        | Reached skill level 15 in Shields
   232 | D        | Entered arena 5.
   232 | D        | Found a transporter.
   264 | D        | Entered arena 6.
   264 | D        | Reached * piety under Jiyva
   264 | D        | Found a transporter.
   268 | D        | Reached skill level 16 in Shields
   268 | D        | Reached XP level 10. HP: 89/89 MP: 10/10
   293 | D        | Entered arena 7.
   294 | D        | Found a transporter.
   312 | D        | Got the amulet "Ewnusma" {Faith Rampage Str+7 Int-4 Dex+4}
   324 | D        | Entered arena 8.
   324 | D        | Noticed a white draconian
   324 | D        | Noticed a red draconian
   324 | D        | Noticed a red draconian
   324 | D        | Noticed a draconian
   324 | D        | Noticed a purple draconian
   324 | D        | Noticed a draconian
   331 | D        | Found a transporter.
   335 | D        | Killed a draconian
   336 | D        | Reached skill level 17 in Shields
   340 | D        | Killed a purple draconian
   341 | D        | Reached skill level 18 in Shields
   345 | D        | Killed from afar by a white draconian

Illustrated notes

Levels and vault maps discovered:
D:        sprint_v [room_start, room_1, room_2, room_3, room_4, room_5, room_6,
          room_7, room_8, room_9, room_10, room_11, room_12, room_13, room_14,
          room_15, room_16, room_17, room_18, room_19, room_20, room_21,
          room_22, room_23, room_24, room_25, room_26, room_27]

Skill      XL: |  1  2  3  4  5  6  7  8  9 10 |
---------------+-------------------------------+-----
Fighting       | 6 9 10 11 12 | 12.3
Long Blades    | 3 5 6 8 9 |  9.8
Armour         | 7 11 12 13 14 | 14.0
Shields        | 8 12 14 16 18 | 18.2
Evocations     | 1 2 3 |  3.0
Dodging        | 1 |  1.5

Action                     |  1- 3 |  4- 6 |  7- 9 | 10-12 || total
---------------------------+-------+-------+-------+-------++-------
  Melee: Double sword      |     2 |     2 |     7 |    21 ||    32
         Eudemon blade     |       |       |    23 |       ||    23
  Evoke: Wand              |     1 |       |     3 |       ||     4
         Condenser vane    |       |       |       |     1 ||     1
    Use: Potion            |     4 |       |       |     9 ||    13
         Scroll            |       |       |     1 |       ||     1
 Armour: Plate armour      |    12 |       |    15 |    43 ||    70
  Dodge: Dodged            |       |       |     5 |     1 ||     6
  Block: Kite shield       |    13 |     3 |    71 |    77 ||   164

Table legend: (Time is in decaauts)
 A = Elapsed time spent in this place.
 B = Non-inter-level travel time spent in this place.
 C = Inter-level travel time spent in this place.
 D = Time resting spent in this place.
 E = Time spent auto-exploring this place.
 F = Levels seen in this place.
 G = Mean time per level.
                   A        B        C        D        E       F      G
               +--------+--------+--------+--------+--------+-----+--------+
         Total |    346 |    346 |      0 |      0 |     74 |   1 |  346.0 |
       Dungeon |    346 |    346 |      0 |      0 |     74 |   1 |  346.0 |
               +--------+--------+--------+--------+--------+-----+--------+

Top non-repeatable levels by time:
       D: 346 daAuts
